 Dungeon Crawl Stone Soup version 0.22-a0-423-g4197694 (webtiles) character file.

50 CapnJeff the Firebug (level 3, 0/27 HPs)
             Began as a Draconian Fire Elementalist on May 24, 2018.
             Slain by a sky beast (5 damage)
             ... on level 2 of the Dungeon.
             The game lasted 00:05:09 (1394 turns).

CapnJeff the Firebug (Draconian Fire Elementalist)  Turns: 1394, Time: 00:05:10

Health: 0/27       AC:  5    Str: 10    XL:     3   Next: 55%
Magic:  0/6        EV: 12    Int: 16    God:
Gold:   31         SH:  0    Dex: 11    Spells: 3/6 levels left

rFire    . . .     SeeInvis .   d - +0 spear
rCold    . . .     Gourm    .   (no shield)
rNeg     . . .     Faith    .   (armour unavailable)
rPois    .         Spirit   +   (helmet restricted)
rElec    .         Reflect  .   (no cloak)
rCorr    .         Harm     .   (no gloves)
MR       .....                  (no boots)
Stlth    ++........             k - amulet of guardian spirit
HPRegen  0.09/turn              (no ring)
MPRegen  0.10/turn              (no ring)

@: no status effects
A: unfitting armour, cold-blooded, AC +5
a: no special abilities


You were on level 2 of the Dungeon.
You were not hungry.

You visited 1 branch of the dungeon, and saw 2 of its levels.

You collected 31 gold pieces.

Inventory:

Hand Weapons
 d - a +0 spear (weapon)
Jewellery
 k - an amulet of guardian spirit (around neck)
Scrolls
 e - a scroll of blinking {unknown}
 f - a scroll of enchant armour {unknown}
 g - a scroll of amnesia {unknown}
 h - a scroll of identify {unknown}
 i - a scroll of teleportation {unknown}
Potions
 a - a potion of curing {unknown}
 c - a potion of haste {unknown}
 j - a potion of resistance {unknown}
Comestibles
 b - a ration


   Skills:
 * Level 0.4 Fighting
 * Level 0.6 Polearms
 * Level 2.1 Dodging
 - Level 1.7 Stealth
 * Level 2.3 Spellcasting
 * Level 1.3 Conjurations
 * Level 3.8 Fire Magic


You had 3 spell levels left.
You knew the following spells:

 Your Spells              Type           Power        Failure   Level  Hunger
a - Flame Tongue          Conj/Fire      ##...        7%          1    #......
b - Throw Flame           Conj/Fire      ##....       11%         2    ###....

Your spell library contained the following spells:

 Spells                   Type           Power        Failure   Level  Hunger
 Fireball                 Conj/Fire      ##........   89%         5    ######.
 Conjure Flame            Conj/Fire      ##......     22%         3    ###....
 Sticky Flame             Conj/Fire      ##......     56%         4    #####..
 Inner Flame              Hex/Fire       #.......     26%         3    ###....


Dungeon Overview and Level Annotations

Branches:
Dungeon (2/15)

Altars:


Innate Abilities, Weirdness & Mutations

Your plain brown scales are hard. (AC +5)
You cannot fit into any form of body armour.
You are cold-blooded and may be slowed by cold attacks.


Message History

Magic restored.
You start resting.
You are feeling hungry.
You start resting.
You are feeling very hungry.
You see here a rat skeleton.
A sky beast comes into view.
You see here a lumpy blue potion.
j - a lumpy blue potion You eat one of the 2 rations.
That ration really hit the spot!
The sky beast flickers out of sight!
Deactivating autopickup; reactivate with Ctrl-A.
Something hits you. Something shocks you. Something hits you.
Something shocks you. Something hits you. Something shocks you.
* * * LOW HITPOINT WARNING * * *
Something hits you.
* * * LOW HITPOINT WARNING * * *
Something shocks you.
You die...

# #.# #.#####.#
#.......# #######รท#
#####.#######
#............ ..
#.......##### ....#
#.......#####.## ....
#####...@.......
.......
########....##....#..
......#..#..
#..##......#.
#.......#..#.
#.....#.#...#
#.....#...#.#
#........#..
#...........


There were no monsters in sight!

Vanquished Creatures
  2 adders (D:2)
  A worm (D:2)
  2 dart slugs (D:1)
  2 leopard geckos
  2 giant cockroaches (D:1)
  A goblin (D:2)
  2 hobgoblins
  3 bats
  A frilled lizard (D:1)
  4 kobolds
  5 rats
25 creatures vanquished.

Notes
Turn   | Place    | Note
-------+----------+-------------------------------------------
     0 | D:1      | CapnJeff the Draconian Fire Elementalist began the quest for the Orb.
     0 | D:1      | Reached XP level 1. HP: 14/14 MP: 3/3
   188 | D:1      | Reached XP level 2. HP: 20/20 MP: 1/5
   192 | D:1      | Learned a level 2 spell: Throw Flame
   979 | D:2      | Reached XP level 3. HP: 27/27 MP: 1/6
  1386 | D:2      | Noticed a sky beast
  1394 | D:2      | Slain by a sky beast

Vault maps used:
D:1:      dpeg_arrival_fog, dk_noncrumbling_4
D:2:      first_ration, hangedman_decor_peaks_small

Skill      XL: |  1  2 |
---------------+-------+-----
Dodging        | 2 |  2.1
Fighting       | |  0.4
Polearms       | |  0.6
Stealth        | |  1.7
Spellcasting   | |  2.3
Conjurations   | |  1.3
Fire Magic     | |  3.8

Action                   || total
-------------------------++-------
Melee: Spear             ||    26
       Tailslap          ||     4
 Cast: Flame Tongue      ||    36
 Stab: Sleeping          ||     1
  Eat: Chunk             ||     1
       Ration            ||     1
Armor: Skin              ||    16
Dodge: Dodged            ||    24

Table legend:
 A = Spawn XP
 B = Non-spawn XP
 C = Spawn XP percentage of total XP
 D = Spawn monster count
 E = Non-spawn monster count
 F = Spawn count percentage of total count
 G = Total turns spent on level
                    A         B        C        D         E        F      G
               +---------+---------+-------+---------+---------+-------+---------
         Total |       0 |      72 |   0.0 |       0 |      25 |   0.0 |  1394
               +---------+---------+-------+---------+---------+-------+---------
           D:1 |       0 |      26 |   0.0 |       0 |      13 |   0.0 |   625
           D:2 |       0 |      46 |   0.0 |       0 |      12 |   0.0 |   769
               +---------+---------+-------+---------+---------+-------+---------
